AoeStats
← Saintexx

Glade

510539269Analyzed
1v1 RM · 2d ago on Oct 1, 2026· 45m 14s· 2 players
Game mode
Random Map
Map size
Tiny (2 player)
Population
200
Speed
Normal
Resources
Standard
Victory
Conquest
Starting age
Dark Age
Ending age
Imperial Age
RankedLock teamsTeams togetherTeam positionsShared explorationLock speedFull tech treeHidden civsTurbo modeCheats
Victory
Defeat
🇧🇷 Lithuanians · Brazil
948
+17
🇹🇷 Spanish · Türkiye
960
-49
Thuinzordson
2:17 Loom
12:16 Feudal Age
12:59 Double-Bit Axe
13:25 Horse Collar
16:08 Stone Mining
20:31 Wheelbarrow
23:19 Castle Age
23:14 Town Watch
23:37 Scale Barding Armor
23:43 Forging
23:45 Bloodlines
23:35 Gold Mining
24:10 Bow Saw
24:02 Heavy Plow
25:20 Chain Barding Armor
25:29 Hand Cart
29:25 Hand Cart
32:37 Imperial Age
30:14 Pikeman
30:55 Squires
30:58 Husbandry
31:53 Scale Mail Armor
31:37 Treadmill Crane
34:49 Conscription
35:18 Ballistics
34:57 Murder Holes
35:17 Halberdier
35:51 Cavalier
38:35 Chain Barding Armor
38:51 Iron Casting
38:32 Chain Mail Armor
39:29 Paladin
42:46 Onager
Saintexx
14:54 Feudal Age
16:56 Scale Mail Armor
17:08 Man-at-Arms
19:10 Padded Archer Armor
27:30 Castle Age
26:16 Fletching
26:23 Double-Bit Axe
29:14 Leather Archer Armor
31:01 Horse Collar
37:24 Ballistics
42:00 Bow Saw
46:23 Imperial Age
Connection lost

Rejoining the realm…

Still unreachable

The connection could not be restored.

Session expired

The server has moved on; the page needs a fresh start.